cohdb
Replays
Latest Replays
All Replays
Popular Replays
Top Player Replays
Match Explorer
How It Works
Community
CoH3 Stats
Reddit
Sign in to upload your games and track your stats! →
Sign in with Steam
Match 45374602
Unlisted
Match 45374602
Overview
Messages
Build Orders
End
Selects Armored Battlegroup
Selects Assault Engineers
Assault Engineer Squad
Assault Engineer Squad
Assault Engineer Squad
Assault Engineer Squad
Infantry Support Center
Construct Weapon Support Center
M3 Armored Personnel Carrier
Selects Fast Deploy
Construct Medical Station
M1919 Machine Gun Team
M1919 Machine Gun Team
M3 Armored Personnel Carrier
Bazooka Squad
FeriG
✠Kaiser✠ tushkan
0
0
Comments
sign in to comment!
No comments posted yet!